AoeStats
← Shuljo

Arabia

510345170Analyzed
1v1 RM · 3d ago on Sep 30, 2026· 63m 15s· 2 players
Game mode
Random Map
Map size
Tiny (2 player)
Population
200
Speed
Normal
Resources
Standard
Victory
Conquest
Starting age
Dark Age
Ending age
Imperial Age
RankedLock teamsTeams togetherTeam positionsShared explorationLock speedFull tech treeHidden civsTurbo modeCheats
Victory
Defeat
🇸🇮 Britons · Slovenia
1164
+14
🇦🇷 Britons · Argentina
1118
-14
sug0ma
10:41 Feudal Age
10:37 Loom
13:38 Double-Bit Axe
20:25 Castle Age
19:27 Fletching
20:11 Padded Archer Armor
20:26 Crossbowman
21:52 Bodkin Arrow
23:54 Horse Collar
35:22 Imperial Age
36:32 Ballistics
36:19 Arbalester
37:11 Bracer
39:47 Bow Saw
39:41 Elite Longbowman
42:16 Onager
44:06 Chemistry
44:40 Leather Archer Armor
45:07 Wheelbarrow
45:36 Scale Mail Armor
46:46 Ring Archer Armor
49:16 Yeomen
50:42 Conscription
54:23 Pikeman
56:23 Chain Mail Armor
56:19 Forging
Shuljo
9:40 Feudal Age
12:06 Double-Bit Axe
14:53 Loom
15:46 Wheelbarrow
19:18 Castle Age
17:14 Gold Mining
18:35 Scale Barding Armor
19:25 Horse Collar
20:01 Husbandry
23:57 Forging
28:15 Bow Saw
28:09 Heavy Plow
27:36 Crossbowman
28:33 Fletching
28:43 Padded Archer Armor
31:44 Bodkin Arrow
39:18 Imperial Age
37:28 Hand Cart
36:59 Town Watch
39:09 Leather Archer Armor
40:13 Bracer
39:38 Arbalester
42:33 Ballistics
43:20 Chemistry
42:09 Light Cavalry
45:03 Ring Archer Armor
45:10 Iron Casting
45:02 Cavalier
47:47 Chain Barding Armor
48:28 Blast Furnace
48:47 Elite Skirmisher
50:04 Yeomen
53:08 Plate Barding Armor
Connection lost

Rejoining the realm…

Still unreachable

The connection could not be restored.

Session expired

The server has moved on; the page needs a fresh start.